[Event "Late-Titled-Tuesday-Blitz-February-27-2024"]
[Site "Chess.com"]
[Date "2024.02.27"]
[Round "10"]
[White "IngOscarArdila"]
[Black "ArturoCaceres"]
[Result "1-0"]
[WhiteElo "2312"]
[BlackElo "2440"]
[TimeControl "180+1"]
[EndTime "15:56:56 PST"]
[Termination "IngOscarArdila won on time"]

1. d4 b6 2. c4 Bb7 3. Nf3 Nf6 4.
e3 e6 5. Be2 d5 6. O-O Nbd7 7.
b3 Bd6 8. Ba3 O-O 9. Bxd6 cxd6 10.
Nbd2 Rc8 11. Rc1 dxc4 12. Nxc4 Qe7 13. Qd2 d5 14. Nce5 Ne4 15. Qb2 Nxe5 16. Nxe5 f6 17. Nf3 Qd7 18. Bd3 Nd6 19. a3 Rxc1 20. Rxc1 Rc8 21. h3 Rxc1+ 22. Qxc1 Qc8 23. Qxc8+ Bxc8 24. Kf1 Bd7 25. Ke1 Bb5 26. Bc2 g6 27. a4 Bd7 28.
Kd2 Kf7 29. Kc3 a5 30. Bd3 Ke7 31. Nd2 e5 32. Bc2 Bf5 33. Bd1 Be4 34. f3 Bf5 35. g4 Be6 36. b4 h5 37. bxa5 bxa5 38. Nb3 Nb7 39. Be2 hxg4 40. hxg4 Kd6 41. Ba6 Nd8 42.
Nxa5 e4 43. fxe4 dxe4 44. Be2 Nf7 45. Kb4 Nh6 46. Nc4+ Kc7 47. Nd2 Bxg4 48. Bxg4 Nxg4 49.
Nxe4 f5 50. Nc5 Nxe3 51. Ne6+ Kd6 52. Nf4 g5 53. Nd3 g4 54. a5 g3 55. Ne1 g2 56. Nf3 Nd5+ 57. Kc4 Ne3+ 58. Kd3 Ng4 59. Ke2 Kc6 60. a6 Kb6 61. d5 Kxa6 62. Kd3 Kb6 63. Kd4 Kc7 64. Kc5 Kd7 65. d6 Ne5 66. Nxe5+ Ke6 67.
Nf3 f4 68. Kc6 Kf6 69. d7 Kf5 70. d8=Q Kg4 71. Qd5 Kg3 72. Qe4 1-0

[Event "Late-Titled-Tuesday-Blitz-February-27-2024"]
[Site "Chess.com"]
[Date "2024.02.27"]
[Round "10"]
[White "vi_pranav"]
[Black "grzechu96"]
[Result "1-0"]
[WhiteElo "3091"]
[BlackElo "2746"]
[TimeControl "180+1"]
[EndTime "15:56:57 PST"]
[Termination "vi_pranav won by resignation"]

1. d4 d5 2. Nc3 Nf6 3. Bf4 a6 4. e3 Bf5 5. Nf3 e6 6. Ne5 h6 7. Bd3 Bxd3 8. cxd3 Nbd7 9. O-O Be7 10. Rc1 c5 11. dxc5 Nxc5 12. d4 Nce4 13. Nxe4 Nxe4 14.
Qb3 Nd6 15. Nd3 O-O 16. Bxd6 Qxd6 17. Qxb7 Rfb8 18. Qc6 Qd8 19. g3 a5 20. Qa4 h5 21.
Rc2 h4 22. Rfc1 Bd6 23. Rc6 Qe7 24. R1c3 Rd8 25. Qc2 Qg5 26. Rc8 hxg3 27. hxg3 Bxg3 28. Rxd8+ Rxd8 29. fxg3 Qxg3+ 30. Qg2 Qxe3+ 31. Qf2 Qg5+ 32. Kf1 f6 33. Nc5 Qg4 34. Rg3 Qd1+ 35. Kg2 Kf7 36. Qe3 Qc2+ 37. Kf1 Qb1+ 38. Kf2 Qxb2+ 39. Kf3 e5 40.
dxe5 Qxe5 41. Qxe5 fxe5 42. Rxg7+ Kf6 43. Ra7 Rh8 44.
Rxa5 Rh3+ 45. Ke2 Rh2+ 46. Ke3 Rh3+ 47. Kd2 e4 48. Nb3 Ke5 49. Ra8 Rh2+ 50. Kc3 Rh3+ 51. Kb4 Rh1 52. Re8+ Kf4 53. a4 Ke3 54. a5 d4 55. a6 Rh7 56. Nc5 d3 57. Rxe4+ Kd2 58. Rd4 Kc2 59. Rxd3 1-0

[Event "Late-Titled-Tuesday-Blitz-February-27-2024"]
[Site "Chess.com"]
[Date "2024.02.27"]
[Round "10"]
[White "rose107"]
[Black "PawnEatingZombie"]
[Result "1/2-1/2"]
[WhiteElo "2110"]
[BlackElo "2165"]
[TimeControl "180+1"]
[EndTime "15:57:01 PST"]
[Termination "Game drawn by stalemate"]

1. e4 d6 2. d4 Nf6 3. Nc3 e5 4. dxe5 dxe5 5. Qxd8+ Kxd8 6. Nf3 Bd6 7. Bg5 Be6 8.
O-O-O Nd7 9. Bb5 Kc8 10. Rhe1 a6 11. Ba4 Nc5 12. Bxf6 gxf6 13. Bb3 Nxb3+ 14. axb3 Bc5 15. Re2 c6 16. Nh4 Rg8 17. Na4 Ba7 18. f3 Kc7 19. Nf5 h5 20. Kb1 Rad8 21. Red2 Rxd2 22. Rxd2 Bxf5 23.
exf5 Rg5 24. Nc3 Rxf5 25. Ne4 h4 26. h3 Rf4 27. c3 f5 28. Ng5 e4 29. Nxf7 exf3 30.
gxf3 Rxf3 31. Ng5 Rf1+ 32. Ka2 Be3 33. Ne6+ Kb6 34. Re2 f4 35. b4 Rf3 36. Ng5 Rg3 37. Ne4 Rxh3 38. c4 Rg3 39. Nxg3 hxg3 40. Kb3 f3 41.
Rxe3 g2 42. c5+ Kc7 43. Rxf3 g1=Q 44. Rf7+ Kb8 45. Rf8+ Ka7 46. Ka4 Qd1+ 47. Ka3 Qd3+ 48. Ka4 Qb5+ 49. Kb3 a5 50. Rf4 axb4 51. Rxb4 Qxc5 52.
Ka3 b5 53. Kb3 Kb6 54. Rh4 Qe3+ 55. Ka2 c5 56. Rg4 Ka5 57. Rg7 Qe6+ 58. Kb1 Kb4 59. Rd7 c4 60. Rd1 Qe4+ 61. Ka1 Qe2 62. Rc1 Kc5 63.
Kb1 b4 64. Ka1 b3 65. Rh1 Qc2 66. Rh5+ Kb4 67. Rb5+ Kxb5 1/2-1/2

[Event "Late-Titled-Tuesday-Blitz-February-27-2024"]
[Site "Chess.com"]
[Date "2024.02.27"]
[Round "10"]
[White "Zq1"]
[Black "Evgeny81"]
[Result "1/2-1/2"]
[WhiteElo "2637"]
[BlackElo "2764"]
[TimeControl "180+1"]
[EndTime "15:57:04 PST"]
[Termination "Game drawn by repetition"]

1. d4 Nf6 2. c4 e6 3. Nf3 b6 4. g3 Bb7 5. Bg2 Be7 6. O-O O-O 7. Re1 Na6 8. Nc3 Ne4 9. Bd2 f5 10. d5 Nac5 11. Rc1 Bf6 12. b4 Nxc3 13. Bxc3 Ne4 14. Nd4 Nxc3 15. Rxc3 a5 16. a3 axb4 17. axb4 Ra2 18.
Rd3 Bxd4 19. Rxd4 e5 20. Rd2 Qa8 21. c5 e4 22. e3 Rxd2 23. Qxd2 bxc5 24. bxc5 Bxd5 25.
Rd1 Be6 26. Qd4 Rb8 27. h3 Qa6 28. g4 fxg4 29. hxg4 Bxg4 30. Rd2 Rb1+ 31. Kh2 Qh6+ 32. Kg3 Be6 33. Qxe4 Qg5+ 34. Kh2 Qh6+ 35. Kg3 Rb8 36. c6 Qg5+ 37. Kh2 Qh6+ 38. Kg3 d5 39. Qf4 Qxf4+ 40. Kxf4 Rd8 41. Ke5 Kf7 42. f4 g6 43.
e4 d4 44. f5 gxf5 45. exf5 Bb3 46. Bf3 d3 47. Bh5+ Kf8 48. f6 Bf7 49. Bg4 Rd6 50.
Bf5 Rd5+ 51. Kf4 h6 52. Rxd3 Rxd3 53. Bxd3 Bd5 54. Bb5 Kf7 55. Ke5 Bf3 56. Bc4+ Kf8 57. Kf5 h5 58. Kg5 Bg4 59. Bd3 Bf3 60. Bg6 Bxc6 61.
Bxh5 Be8 62. Be2 Bf7 63. Bd3 Be6 64. Kf4 Kf7 65. Ke5 Bb3 66. Be2 Kf8 67. Bd3 Bf7 68.
Be2 Bb3 69. Bd3 Bf7 70. Be2 Bb3 1/2-1/2

[Event "Late-Titled-Tuesday-Blitz-February-27-2024"]
[Site "Chess.com"]
[Date "2024.02.27"]
[Round "10"]
[White "1g60-1"]
[Black "HajiyevKanan"]
[Result "1/2-1/2"]
[WhiteElo "2338"]
[BlackElo "2484"]
[TimeControl "180+1"]
[EndTime "15:57:06 PST"]
[Termination "Game drawn by repetition"]

1. e4 c6 2. Nf3 d5 3. Nc3 a6 4. exd5 cxd5 5. d4 Bg4 6. h3 Bh5 7. g4 Bg6 8. Ne5 Nc6 9. h4 Nxe5 10. dxe5 h5 11. Bd3 Bxd3 12. Qxd3 e6 13. g5 Ne7 14.
Bd2 Nc6 15. g6 Nxe5 16. gxf7+ Nxf7 17. O-O-O Qf6 18. Kb1 O-O-O 19. Na4 Bd6 20. c4 Ne5 21. Qc2 dxc4 22. Nb6+ Kb8 23. Bg5 Qf5 24. Bxd8 Rxd8 25. Rhe1 Qxc2+ 26. Kxc2 Kc7 27. Rxd6 Kxd6 28. f4 Nd3 29. Re4 Kc5 30. Nxc4 Nb4+ 31. Kc1 Kd5 32. Nd2 Nxa2+ 33. Kb1 Kc6 34. Kxa2 Rxd2 35. Rxe6+ Rd6 36. Re7 Rd7 37. Re5 g6 38. Kb3 Rd4 39. Re6+ Kb5 40. Rxg6 Rxf4 41. Rg5+ Kc6 42. Rxh5 Rf3+ 43. Kc2 Rh3 44.
Rh6+ Kc5 45. Rh5+ Kc4 46. Rh7 Rh2+ 47. Kc1 b5 48. Rh6 Kb3 49. Rxa6 Rh1+ 50. Kd2 Rxh4 51. Rb6 b4 52. Kd3 Rh2 53. Kd4 Rxb2 54. Kc5 Rc2+ 55. Kb5 Rc4 56. Ra6 Rd4 57. Rb6 Kc3 58. Ka4 Rd2 59.
Rc6+ Kb2 60. Kxb4 Rd4+ 61. Kb5 Rd2 62. Rc5 Kb3 63. Kc6 Rd4 64. Rb5+ Kc3 65. Rc5+ Kb4 66. Rb5+ Ka4 67. Rc5 Rb4 68. Kd5 Rb8 69. Rc4+ Kb5 70.
Rc5+ Kb4 71. Rc6 Kb5 72. Rc5+ Kb6 73. Rc6+ Kb5 74. Rc5+ 1/2-1/2

[Event "Late-Titled-Tuesday-Blitz-February-27-2024"]
[Site "Chess.com"]
[Date "2024.02.27"]
[Round "10"]
[White "Piotrek1979"]
[Black "aghasiyevkamal"]
[Result "0-1"]
[WhiteElo "2471"]
[BlackElo "2628"]
[TimeControl "180+1"]
[EndTime "15:57:08 PST"]
[Termination "aghasiyevkamal won on time"]

1. Nf3 d5 2. b3 Nf6 3. Bb2 e6 4. e3 Be7 5. g3 O-O 6. Bg2 c5 7. O-O Nc6 8. c4 d4 9. exd4 cxd4 10. Re1 a5 11. a3 Qb6 12. d3 Nd7 13. Nbd2 Nc5 14.
Qc2 Rd8 15. Rab1 Bf6 16. Ba1 e5 17. Nh4 Bxh4 18. gxh4 Bf5 19. Ne4 Ne6 20. c5 Qc7 21. Nd6 Bxd3 22. Qxd3 Nxc5 23. Nb5 Nxd3 24. Nxc7 Nxe1 25.
Rxe1 Rac8 26. Nd5 f6 27. f4 Rd6 28. f5 Rcd8 29. Nb6 g6 30. Nc4 R6d7 31. Be4 Ne7 32.
fxg6 hxg6 33. Nxa5 b6 34. Nc4 b5 35. Nd2 f5 36. Bd3 Rd5 37. a4 e4 38. Bxb5 Kh7 39.
Bc4 R5d6 40. Kg2 Nc6 41. Bb2 Ne5 42. Bb5 Ng4 43. h3 Ne3+ 44. Kg3 f4+ 45. Kh2 Re6 46. Nc4 Nxc4 47. Bxc4 Ree8 48. h5 f3 49. hxg6+ Kxg6 50. Rg1+ Kf5 51. Rg4 d3 52. Kg3 Rg8 53. Bxg8 d2 54. h4 Rxg8 55. Rxg8 d1=Q 56. Rg5+ Ke6 57. Re5+ Kd7 58. Rxe4 Qg1+ 59. Kf4 Qh2+ 60. Kxf3 Qxb2 61. Rc4 Qxb3+ 0-1

[Event "Late-Titled-Tuesday-Blitz-February-27-2024"]
[Site "Chess.com"]
[Date "2024.02.27"]
[Round "10"]
[White "BogdanDeac"]
[Black "Bryanl106"]
[Result "1/2-1/2"]
[WhiteElo "2946"]
[BlackElo "2620"]
[TimeControl "180+1"]
[EndTime "15:57:10 PST"]
[Termination "Game drawn by repetition"]

1. d4 Nf6 2. Nf3 g6 3. Nbd2 d5 4. Nb3 Bg7 5. Bf4 O-O 6. e3 Nbd7 7. h3 b6 8. c3 c5 9. Be2 Bb7 10. a4 a6 11. O-O Re8 12. Ne5 Nxe5 13. Bxe5 Nd7 14.
Bxg7 Kxg7 15. f4 e6 16. Bf3 c4 17. Nd2 f5 18. Nxc4 Qc7 19. Ne5 Nxe5 20. fxe5 a5 21. Be2 Ba6 22. Bxa6 Rxa6 23. Qd3 Raa8 24.
b3 Rac8 25. Rac1 Qc6 26. Rc2 Rb8 27. c4 Rec8 28. Rfc1 dxc4 29. Rxc4 Qd7 30. Qc2 Rxc4 31. Qxc4 Kh6 32. Qc7 Qe8 33. Qc6 Qe7 34. Qd6 Qg5 35. Rc3 Qg3 36. Qc7 Rb7 37. Qc6 b5 38. axb5 Rxb5 39.
Qc4 Rb4 40. Qd3 a4 41. bxa4 Rxa4 42. Qf1 Ra2 43. Qf4+ Qxf4 44. exf4 Rd2 45. Rc6 Rxd4 46. g3 Rd2 47. Rxe6 Kg7 48. Re7+ Kg8 49. Kf1 Ra2 50.
Rc7 h5 51. h4 Kf8 52. Rd7 Rb2 53. Rc7 Ra2 54. Rb7 Rc2 55. Ke1 Rg2 56. Rb3 Ke7 57. Kf1 Ra2 58. Rd3 Rb2 59. Rf3 Ra2 60. Rf2 Ra1+ 61.
Kg2 Rb1 62. Rd2 Ra1 63. Kf2 Ra3 64. Rd6 Ra2+ 65. Kf3 Ra3+ 66. Kf2 Ra2+ 67. Ke3 Ra3+ 68. Rd3 Ra1 69. Rb3 Rd1 70. Rb7+ Kf8 71. Rb6 Kf7 72. Rf6+ Kg7 73. Rd6 Rg1 74. Rd7+ Kf8 75. e6 Re1+ 76.
Kd4 Rxe6 77. Rd5 Ke7 78. Re5 Kd6 79. Rxe6+ Kxe6 80. Kc5 Ke7 81. Kc6 Ke6 82. Kc5 Ke7 83.
Kc4 Ke6 84. Kc5 1/2-1/2

[Event "Late-Titled-Tuesday-Blitz-February-27-2024"]
[Site "Chess.com"]
[Date "2024.02.27"]
[Round "10"]
[White "ImportedItalianMaple"]
[Black "campochess"]
[Result "0-1"]
[WhiteElo "2464"]
[BlackElo "2218"]
[TimeControl "180+1"]
[EndTime "15:57:12 PST"]
[Termination "campochess won on time"]

1. Nf3 c5 2. e4 Nc6 3. Nc3 g6 4. Bc4 Bg7 5. O-O e6 6. Re1 Nge7 7. a4 a6 8. d3 O-O 9. Bg5 h6 10. Bh4 Qb6 11. Rb1 d6 12. h3 Bd7 13. e5 d5 14.
Bb3 Nf5 15. Bf6 Bxf6 16. exf6 Qd8 17. Qd2 Kh7 18. g4 Nfd4 19. Qf4 Nxf3+ 20. Qxf3 Nd4 21. Qf4 g5 22. Qe3 Qxf6 23. Kg2 Bc6 24. f3 b5 25.
Qe5 Qxe5 26. Rxe5 c4 27. Ba2 b4 28. Ne2 Nxe2 29. Rxe2 cxd3 30. cxd3 Bxa4 31. b3 Bb5 32. Rd2 Rac8 33. Re1 Rc3 34. d4 Rfc8 35. Kf2 Rc2 36. Rd1 Rxd2+ 37. Rxd2 Rc3 38. Bb1+ Kg7 39. Bc2 a5 40.
Kg2 Bc6 41. Kf2 a4 42. bxa4 b3 43. Bd1 Bxa4 44. Rb2 Rd3 45. Be2 Rxd4 46. Ke3 Rb4 47. Kd2 d4 48. Bd3 Kf6 49. Be4 Ke5 50. Kd3 f5 51. Ba8 Bb5+ 52. Kd2 Kf4 53. gxf5 exf5 54. Bd5 Kg3 55. Bxb3 Bc4 56. Rc2 Bxb3 57. Rc6 h5 58.
Rg6 g4 59. hxg4 fxg4 60. fxg4 h4 61. Kd3 h3 62. g5 h2 63. Rh6 Bd5 64. g6 h1=Q 65.
Rxh1 Bxh1 66. g7 Rb8 67. Kxd4 Rg8 68. Ke5 Rxg7 69. Kf6 Rg4 70. Ke5 Kh4 71. Kd6 Kg5 0-1

[Event "Late-Titled-Tuesday-Blitz-February-27-2024"]
[Site "Chess.com"]
[Date "2024.02.27"]
[Round "10"]
[White "dosto07"]
[Black "waltereador"]
[Result "1-0"]
[WhiteElo "2507"]
[BlackElo "2291"]
[TimeControl "180+1"]
[EndTime "15:57:13 PST"]
[Termination "dosto07 won on time"]

1. e4 e5 2. Nf3 Nf6 3. d4 Nxe4 4. Bd3 d5 5. Nxe5 Nd7 6. O-O Bd6 7. Nxd7 Bxd7 8. Nd2 Nxd2 9. Bxd2 O-O 10. Qh5 g6 11. Qxd5 Bc6 12. Qg5 Be7 13. Qh6 Bf6 14. c3 Re8 15.
Rfe1 Qd5 16. Qh3 Rxe1+ 17. Rxe1 Qxa2 18. Bc1 Qd5 19. Qg3 Qd7 20. Bf4 Re8 21. Be5 Bxe5 22.
Rxe5 Rxe5 23. Qxe5 Qe8 24. Qxc7 Qe1+ 25. Bf1 Qd2 26.
Qb8+ Kg7 27. Qe5+ Kg8 28. Qe2 Qc1 29. h3 a6 30. c4 Qf4 31. Qe3 Qf6 32. d5 Bd7 33. b3 h5 34. Be2 a5 35. Bf3 b6 36.
c5 bxc5 37. Qxc5 Qa1+ 38. Kh2 Qe5+ 39. g3 Qf5 40. Bg2 h4 41. Qe3 hxg3+ 42. fxg3 a4 43.
bxa4 Bxa4 44. Qf4 Qd7 45. d6 Bc6 46. Bxc6 Qxc6 47. h4 Qc2+ 48. Kh3 Qc8+ 49. Qg4 Qc1 50. Qd4 Qc8+ 51. g4 Qd7 52. Kg3 Kh7 53. Kf4 Kg8 54.
Qe5 Kh7 55. Kg5 Qd8+ 56. Qf6 Qd7 57. Qe7 Qb5+ 58. Kf6 Qf1+ 59. Ke5 Qe2+ 60. Kd5 Qf3+ 61. Kc5 Qc3+ 62. Kb6 Qb4+ 63. Kc7 Qxg4 64. Qxf7+ Kh6 65. Qf8+ Kh7 66. Qe7+ Kh6 67. Qg5+ Qxg5 68. hxg5+ Kxg5 69. d7 Kh4 70. d8=Q+ g5 71. Kd6 Kh3 72. Qxg5 1-0

[Event "Late-Titled-Tuesday-Blitz-February-27-2024"]
[Site "Chess.com"]
[Date "2024.02.27"]
[Round "10"]
[White "Arystanner"]
[Black "mightysmasher"]
[Result "1/2-1/2"]
[WhiteElo "2790"]
[BlackElo "2589"]
[TimeControl "180+1"]
[EndTime "15:57:16 PST"]
[Termination "Game drawn - insufficient material"]

1. d4 d5 2. c4 e6 3. Nc3 Nf6 4. Bg5 Be7 5. e3 O-O 6. Rc1 c6 7. Nf3 Re8 8. Bd3 dxc4 9. Bxc4 Nd5 10. h4 h6 11. Bxe7 Qxe7 12. O-O Nd7 13. e4 Nxc3 14.
bxc3 b6 15. Re1 Bb7 16. Bb3 Rad8 17. Qe2 c5 18. Rcd1 cxd4 19. cxd4 Nf6 20. Ba4 Rf8 21. Bc2 Rfe8 22. e5 Nd5 23. Qe4 g6 24. Qg4 Rc8 25.
Be4 h5 26. Qg3 Nc3 27. Bxb7 Qxb7 28. Rd3 Nd5 29. Ng5 Ne7 30. Ne4 Nf5 31. Nf6+ Kf8 32. Qf4 Red8 33. Red1 Qa6 34. d5 exd5 35. Nxd5 Qc4 36.
Qf3 Qxh4 37. e6 fxe6 38. Nf4 Rxd3 39. Nxe6+ Kg8 40. Qxd3 Qc4 41. Qd7 Qc6 42. Nf4 Qxd7 43. Rxd7 Rc1+ 44. Kh2 Rc2 45. f3 Rc6 46. Rxa7 h4 47.
Nd5 Rc2 48. Kh3 Rd2 49. Nf6+ Kf8 50. Nd7+ Ke7 51. Nxb6+ Kf6 52. Ra6 Kg5 53. Nc4 Rd1 54.
g4 hxg3 55. Ne5 Rh1+ 56. Kg2 Rh2+ 57. Kg1 Kf4 58. Nxg6+ Kxf3 59. Ra3+ Ne3 60. Ne5+ Ke4 61. Rxe3+ Kxe3 62. Ng4+ Kd4 63. Nxh2 gxh2+ 64. Kxh2 Kc3 65. Kg2 Kb4 66. Kf2 Ka3 67. Ke1 Kxa2 1/2-1/2

[Event "Late-Titled-Tuesday-Blitz-February-27-2024"]
[Site "Chess.com"]
[Date "2024.02.27"]
[Round "10"]
[White "jodarmarlon1985"]
[Black "Supelyel"]
[Result "1-0"]
[WhiteElo "2259"]
[BlackElo "2382"]
[TimeControl "180+1"]
[EndTime "15:57:20 PST"]
[Termination "jodarmarlon1985 won by resignation"]

1. e4 d6 2. d4 Nf6 3. Nc3 e5 4. Nf3 Nbd7 5. Bc4 Be7 6. O-O O-O 7. Re1 c6 8. a4 h6 9. h3 b6 10. d5 Bb7 11. dxc6 Bxc6 12. Nd5 Rc8 13. c3 Re8 14.
Ba6 Bxd5 15. exd5 Rc7 16. Be3 Qa8 17. c4 Rb8 18. b4 Nh7 19. Bb5 Rf8 20. a5 bxa5 21.
Rxa5 Qb8 22. Qa4 Nb6 23. Qa2 f5 24. Ra1 f4 25. Bd2 Nc8 26. Qc2 Kh8 27. c5 dxc5 28.
Nxe5 cxb4 29. Qe4 Bf6 30. Ng6+ Kg8 31. Qe6+ Rff7 32. d6 Rb7 33. Bc4 Nxd6 34. Bxf4 Ng5 35. Qxd6 Qxd6 36. Bxd6 Kh7 37. Bxf7 Nxf7 38. Nf8+ Kg8 39.
Rxa7 Rxa7 40. Rxa7 Nxd6 41. Nd7 Bc3 42. Ra6 Nc4 43.
Rc6 Nd2 44. Nb6 b3 45. Na4 Bb4 46. Rc8+ Kh7 47. Rb8 Bd6 48. Rb6 Be5 49. g3 b2 50.
Nxb2 Bd4 51. Rb7 Ne4 52. Nd3 Nxg3 53. Kg2 Ne4 54. Nf4 Nf6 55. Kf3 Be5 56. Nd3 Bh2 57. Nc5 Kg6 58. Ne4 Be5 59. Nxf6 Bxf6 60. Kg4 Kh7 61.
h4 Kg6 62. h5+ Kh7 63. Kf5 Kg8 64. Rd7 Kf8 65. Rb7 Kg8 66. Kg6 Kf8 67. Rc7 Be5 68. Rd7 Kg8 69. Re7 Bd6 70. Rxg7+ Kf8 71. Rh7 Bf4 72.
Rxh6 Kg8 73. Rh7 Bd2 74. Rf7 Be1 75. h6 Kh8 76. h7 Bb4 77. Rg7 1-0

[Event "Late-Titled-Tuesday-Blitz-February-27-2024"]
[Site "Chess.com"]
[Date "2024.02.27"]
[Round "10"]
[White "Yaacovn"]
[Black "dropstoneDP"]
[Result "0-1"]
[WhiteElo "2841"]
[BlackElo "2982"]
[TimeControl "180+1"]
[EndTime "15:57:52 PST"]
[Termination "dropstoneDP won by resignation"]

1. d4 d5 2. e3 Nf6 3. Bd3 c5 4. c3 Nc6 5. f4 g6 6. Nf3 Bf5 7.
O-O Bxd3 8. Qxd3 e6 9. Nbd2 Qe7 10. b3 cxd4 11. exd4 Bg7 12. a4 Qc7 13. Ba3 Bf8 14. Bxf8 Kxf8 15. Ne5 Rc8 16. Rac1 Kg7 17. h3 a6 18. Qe2 Ne8 19. Ndf3 Nd6 20. Ng5 Rhe8 21. Rce1 f6 22. Nxc6 Qxc6 23. Nxe6+ Kf7 24. Qg4 Nf5 25. Nc5 b6 26. Nxa6 Qxc3 27. Rxe8 Rxe8 28. Qf3 Qxd4+ 29. Kh2 Re3 30. Qd1 Qxd1 31. Rxd1 d4 32. b4 Ra3 33.
g4 Nh4 34. a5 bxa5 35. bxa5 Rxa5 36. Nb4 Ra4 37. Nc6 Ra2+ 38. Kg3 g5 39. fxg5 fxg5 40. Rf1+ Ke6 41. Nxd4+ Kd5 42. Ne2 Rxe2 43. Rd1+ Ke5 44. Rd5+ Kf6 45. Rxg5 Ng6 46. Rf5+ Ke6 47. Ra5 Re3+ 48.
Kh2 Nf4 49. Ra6+ Ke5 50. Rh6 Ke4 51. Rxh7 Kf3 52. Ra7 Re2+ 53. Kh1 Nd5 54. Ra1 Kg3 55. Ra3+ Ne3 56. Ra1 Rh2+ 57. Kg1 Rg2+ 58. Kh1 Kxh3 59. Ra3 Re2 60. Ra1 Nd5 61. Ra3+ Kh4 62. Kg1 Ne3 63. Ra1 Kg3 64. Kh1 Rh2+ 65. Kg1 Rg2+ 66. Kh1 Rd2 67.
Rg1+ Kh3 68. Re1 Ng2 69. Ra1 Nh4 70. Ra3+ Kxg4 71. Rc3 Re2 72. Ra3 Re4 73. Rb3 Re2 74.
Ra3 Nf5 75. Kg1 Ng3 76. Ra4+ Ne4 77. Ra3 Kf4 78. Rb3 Rc2 79. Ra3 Ng5 80. Kh1 Kg4 81. Rb3 Rf2 82. Ra3 Rb2 83. Rc3 Ne4 84. Re3 Ng3+ 85.
Kg1 Kh3 86. Re2 Nxe2+ 87. Kf2 Ng3+ 0-1

[Event "Late-Titled-Tuesday-Blitz-February-27-2024"]
[Site "Chess.com"]
[Date "2024.02.27"]
[Round "10"]
[White "platy3"]
[Black "Jospem"]
[Result "1/2-1/2"]
[WhiteElo "2959"]
[BlackElo "3067"]
[TimeControl "180+1"]
[EndTime "15:58:05 PST"]
[Termination "Game drawn by repetition"]

1. e4 c5 2. Nf3 d6 3. d4 cxd4 4. Nxd4 a6 5. Nc3 e6 6. Bd3 Nf6 7. O-O Be7 8. Kh1 Nc6 9. Nxc6 bxc6 10. f4 e5 11. Qf3 O-O 12. b3 Nd7 13. Na4 exf4 14.
Bxf4 Ne5 15. Bxe5 dxe5 16. Bc4 Kh8 17. Rad1 Qc7 18. Qg3 f5 19. exf5 Bxf5 20. Bd3 Be6 21. Qe3 a5 22. Nc5 Bd5 23. c4 Bg8 24. Ne4 Rad8 25.
Be2 Rxf1+ 26. Rxf1 a4 27. h3 axb3 28. axb3 Rb8 29.
Rf3 Qa5 30. Qc3 Bb4 31. Qe3 Rd8 32. Rg3 Be7 33. Kh2 Qa1 34. Qf3 Qc1 35. Qg4 Qh6 36. Rd3 Rf8 37. Rf3 Rd8 38. Rd3 Rxd3 39. Bxd3 Qe3 40. Qf3 Qd4 41. Ng3 Bg5 42. Ne2 Qb2 43.
Be4 c5 44. g3 Qd2 45. h4 Be3 46. Kg2 Bd4 47. Qd3 Qe1 48. Nxd4 exd4 49. Qf3 Qd2+ 50.
Kh3 Qe1 51. Bd5 Qe8 52. Bxg8 Qxg8 53. Qc6 Qd8 54. Qf3 Kg8 55. Qd3 Qa8 56. Kh2 Qa2+ 57. Kh3 Qf2 58. Qe4 Qf1+ 59. Kh2 Qf2+ 60. Kh3 Qf8 61.
Qd5+ Kh8 62. Qe4 h6 63. Kg2 Kg8 64. b4 cxb4 65. Qxd4 b3 66. c5 Qa8+ 67. Kh2 Qa2+ 68. Kh3 b2 69. Qd8+ Kh7 70. Qd3+ Kg8 71. Qd8+ Kf7 72. Qd7+ Kf6 73. Qd4+ Ke7 74. Qd6+ Ke8 75. Qc6+ Kf7 76. Qd7+ Kg6 77. Qd3+ Kf6 78. Qd8+ Ke5 79.
Qd6+ Ke4 80. Qg6+ Ke3 81. Qe8+ Kd2 82. Qd7+ Kc1 83. c6 b1=Q 84. c7 Qbc2 85. c8=Q Qxc8 86. Qxc8+ Kd2 87. Qd7+ Ke3 88. Qxg7 Qe6+ 89. Qg4 Qf6 90. Qc4 Qf5+ 91. Kh2 Qf2+ 92. Kh3 Qf5+ 93. Kg2 Qf2+ 94.
Kh3 Qf5+ 1/2-1/2

[Event "Late-Titled-Tuesday-Blitz-February-27-2024"]
[Site "Chess.com"]
[Date "2024.02.27"]
[Round "10"]
[White "HeinichessPY"]
[Black "Nick12772"]
[Result "1/2-1/2"]
[WhiteElo "2258"]
[BlackElo "2377"]
[TimeControl "180+1"]
[EndTime "15:58:13 PST"]
[Termination "Game drawn by 50-move rule"]

1. Nf3 Nf6 2. c4 c6 3. Nc3 d5 4. g3 g6 5. Bg2 Bg7 6. O-O O-O 7. cxd5 cxd5 8. d3 Nc6 9. a3 Bf5 10. h3 Qd7 11. Kh2 Rac8 12. Bf4 Rfe8 13. Ne5 Nxe5 14.
Bxe5 d4 15. Nb1 Be6 16. Nd2 Ng4+ 17. hxg4 Bxe5 18. f4 Bb8 19. f5 gxf5 20. gxf5 Bxf5 21. Ne4 Kh8 22. Qd2 Rg8 23. Ng5 f6 24. Rxf5 Qxf5 25. Nf7+ Kg7 26. Bh3 Qf2+ 27. Kh1 Kxf7 28. Rf1 Qxg3 29.
Qh6 Rg7 30. Qh5+ Qg6 31. Qxg6+ Rxg6 32. Bxc8 Rh6+ 33. Kg2 Rh2+ 34. Kf3 Be5 35. Bxb7 Rh3+ 36. Kg2 Re3 37. Bd5+ e6 38. Bf3 f5 39. Rc1 Kf6 40. Rc6 h5 41. Bxh5 Rg3+ 42. Kf2 Rg5 43. Bf3 Rg7 44.
Bd5 Re7 45. Bc4 f4 46. Kf3 Kf5 47. b3 Bf6 48. a4 e5 49. Rc8 Kg5 50. Bd5 Rg7 51.
Be4 Rb7 52. Rg8+ Rg7 53. Rxg7+ Bxg7 54. Bd5 Kf6 55. Be4 Ke7 56. a5 Kd6 57. a6 Kc5 58.
Bb7 Kb4 59. Bd5 Kc3 60. Bc4 Kd2 61. Ke4 Kxe2 62. Be6 f3 63. Bg4 Kd2 64. Bxf3 Kc3 65. Bg4 Kxb3 66. Bc8 Kc3 67. Bb7 Kb4 68. Bd5 Kc5 69.
Bb7 Kb6 70. Bc8 Kc7 71. Bb7 Kd6 72. Bc8 Ke7 73. Bb7 Kd7 74. Bd5 Kc7 75. Bb7 Kb6 76. Bc8 Kb5 77. Bb7 Bf6 78. Bc8 Bh8 79. Bb7 Kb4 80. Bc8 Kc3 81. Bb7 Kd2 82. Bc8 Ke2 83.
Bb7 Kf2 84. Bc8 Kg3 85. Bb7 Kh4 86. Bc8 Kg5 87. Bb7 Kf6 88. Bc8 Ke7 89. Bb7 Kd8 90. Bd5 Kc7 91. Bb7 Kd6 92. Bc8 Kc5 93. Bb7 Bg7 94.
Bc8 Kb6 95. Bb7 Kc7 96. Bd5 Bf8 97. Bb7 Be7 98. Bd5 Bc5 99. Bb7 Kb6 100. Bc8 Bd6 101. Bb7 Bc7 102. Bc8 Bb8 103. Bb7 Kc7 104. Bd5 Kb6 105. Bb7 Kc5 106. Bc8 Kb4 107. Bb7 Kc3 108. Bc8 Kd2 109. Bb7 Ke1 110. Bc8 Kf2 111. Bb7 Kg3 112. Bc8 Kh4 113.
Bb7 Kh5 114. Bc8 Kh6 115. Bb7 Kh7 1/2-1/2

[Event "Late-Titled-Tuesday-Blitz-February-27-2024"]
[Site "Chess.com"]
[Date "2024.02.27"]
[Round "10"]
[White "chess94cu"]
[Black "RantomOpening"]
[Result "1-0"]
[WhiteElo "2697"]
[BlackElo "2562"]
[TimeControl "180+1"]
[EndTime "15:58:26 PST"]
[Termination "chess94cu won on time"]

1. Nf3 d5 2. c4 e6 3. e3 Nf6 4.
Nc3 c5 5. cxd5 exd5 6. d4 cxd4 7. Nxd4 Nc6 8. Bb5 Bd7 9. O-O Bd6 10. Nf3 Bg4 11.
Be2 O-O 12. h3 Be6 13. b3 Re8 14. Bb2 Rc8 15. Rc1 Qe7 16. Nb5 Bc5 17. Nbd4 Ba3 18. Nxc6 bxc6 19. Qc2 Bxb2 20. Qxb2 c5 21. Rfd1 Rc7 22.
Qa3 Rec8 23. Ba6 Rb8 24. Rd2 Rb6 25. Bf1 Rbc6 26. Rdc2 Bf5 27. Bb5 Bxc2 28. Bxc6 Rxc6 29. Rxc2 Qc7 30. Qa4 h6 31. Nd4 Rb6 32. Qa5 c4 33. g3 Qb7 34. Qe1 Ne4 35. Qe2 g6 36. h4 h5 37. Qe1 cxb3 38. axb3 Rf6 39. Qc1 Kg7 40. Qa1 Kh7 41. Kg2 Qd7 42. Qd1 Qb7 43. f3 Nd6 44. Qa1 Qe7 45. Qc3 Nf5 46. Nxf5 Rxf5 47. Qd4 Re5 48.
Kf2 Rf5 49. Ra2 Qe5 50. Qxe5 Rxe5 51. Rxa7 Kg7 52. Rd7 Kf6 53. b4 Kg7 54. Ke2 Kf6 55. Kd3 Re6 56. Rxd5 Ra6 57. Ra5 Rc6 58. b5 Rc1 59.
Ra6+ Kg7 60. b6 Rg1 61. b7 Rb1 62. Ra7 g5 63. hxg5 Kg6 64. f4 Kf5 65. Kd4 Kg4 66. Ke5 Kxg3 67. Kf6 h4 68. Kxf7 h3 69. Ra2 Rxb7+ 70.
Kf6 Rb6+ 71. Kf5 Rb5+ 72. Kg6 Rb1 73. f5 Rg1 74. f6 Rg2 75. Ra1 h2 76. f7 Rg1 77.
Rxg1+ hxg1=Q 78. f8=Q Qxe3 79. Qd6+ Kh3 80. Qd7+ Kg3 81.
Kh6 Kh4 82. Qd8 Qf4 83. Qf6 Qg4 84. g6+ Kh3 85. g7 1-0

[Event "Late-Titled-Tuesday-Blitz-February-27-2024"]
[Site "Chess.com"]
[Date "2024.02.27"]
[Round "11"]
[White "kalxandria"]
[Black "Yahisalem"]
[Result "1-0"]
[WhiteElo "2149"]
[BlackElo "2004"]
[TimeControl "180+1"]
[EndTime "16:00:33 PST"]
[Termination "kalxandria won by resignation"]

1. e4 d6 2. d4 Nf6 3. Nc3 g6 4. Bg5 Bg7 5. Nf3 O-O 6. Bc4 Bg4 7. h3 Bxf3 8. Qxf3 Nc6 9. O-O-O e5 10. Nd5 Nxd4 11.
Rxd4 exd4 12. Nxf6+ Bxf6 13. Bxf6 Qe8 14. Qf4 1-0

[Event "Late-Titled-Tuesday-Blitz-February-27-2024"]
[Site "Chess.com"]
[Date "2024.02.27"]
[Round "11"]
[White "xasid81"]
[Black "Felix-Rose"]
[Result "1-0"]
[WhiteElo "2584"]
[BlackElo "2285"]
[TimeControl "180+1"]
[EndTime "16:01:22 PST"]
[Termination "xasid81 won by resignation"]

1. g3 d5 2. Bg2 e6 3. c4 dxc4 4.
Nf3 Nf6 5. O-O c5 6. Na3 Bd7 7. Nxc4 Bc6 8. Nce5 Bd5 9. d3 b5 10. e4 Bb7 11. Ng5 Qc7 12. Nexf7 Rg8 13. Bf4 Qb6 14. Ne5 Bd6 15. Nxh7 1-0

[Event "Late-Titled-Tuesday-Blitz-February-27-2024"]
[Site "Chess.com"]
[Date "2024.02.27"]
[Round "11"]
[White "dolynachess"]
[Black "Zavgorodniy_Sergiy"]
[Result "1/2-1/2"]
[WhiteElo "2494"]
[BlackElo "2617"]
[TimeControl "180+1"]
[EndTime "16:01:45 PST"]
[Termination "Game drawn by repetition"]

1. d4 d5 2. c4 dxc4 3. Nf3 Nf6 4. g3 b6 5. Bg2 Bb7 6. O-O e6 7. Qa4+ Nbd7 8. Nc3 a6 9. Qxc4 b5 10. Qd3 c5 11. Rd1 Qb6 12. Be3 cxd4 13. Bxd4 Bc5 14. a4 Bxd4 15. Qxd4 Qxd4 16. Nxd4 Bxg2 17. Kxg2 bxa4 18.
Rxa4 O-O 19. Nc6 Nc5 20. Ra5 Nb7 21. Ra4 Nc5 22. Ra5 Nb7 23. Ra4 Nc5 1/2-1/2